AoeStats
← thinker

Arena

505585302Analyzed
4v4 RM · 21d ago on Sep 10, 2026· 60m 20s· 8 players
Game mode
Random Map
Map size
Large (8 player)
Population
200
Speed
Normal
Resources
Standard
Victory
Conquest
Starting age
Dark Age
Ending age
Imperial Age
RankedLock teamsTeams togetherTeam positionsShared explorationLock speedFull tech treeHidden civsTurbo modeCheats
Victory
Defeat
🇨🇳 Khmer · China
936
+13
🇧🇷 Burgundians · Brazil
934
+13
🇨🇳 Huns · China
925
+13
🇦🇷 Italians · Argentina
874
+15
🇺🇸 Teutons · United States
905
-15
🇺🇸 Huns · United States
883
-14
🇺🇸 Jurchens · United States
855
-13
🇺🇸 Spanish · United States
819
-12
WHIRLYBIRDER
9:19 Feudal Age
9:51 Double-Bit Axe
10:37 Horse Collar
14:45 Wheelbarrow
19:59 Castle Age
17:57 Stone Mining
19:41 Forging
19:33 Gold Mining
22:35 Heavy Plow
23:20 Gold Mining
25:01 Bow Saw
25:08 Scale Barding Armor
26:03 Bloodlines
25:55 Husbandry
26:33 Iron Casting
26:05 Marauders
26:56 Gold Shaft Mining
27:18 Chain Barding Armor
40:46 Imperial Age
38:39 Hand Cart
38:53 Fletching
38:40 Pikeman
39:23 Scale Mail Armor
39:44 Murder Holes
40:10 Ballistics
40:22 Bodkin Arrow
41:28 Bracer
41:46 Masonry
42:42 Chemistry
44:03 Blast Furnace
43:28 Conscription
43:57 Halberdier
46:22 Scale Mail Armor
46:43 Squires
46:29 Arson
50:42 Chain Mail Armor
52:13 Elite Tarkan
kaiju
10:56 Feudal Age
11:54 Double-Bit Axe
17:04 Castle Age
15:29 Stone Mining
15:54 Gold Mining
16:57 Wheelbarrow
18:39 Padded Archer Armor
19:02 Bow Saw
18:46 Horse Collar
20:11 Stone Shaft Mining
20:27 Loom
21:38 Heavy Plow
29:10 Imperial Age
26:35 Fletching
27:16 Bodkin Arrow
27:45 Ballistics
27:01 Elite Skirmisher
28:22 Leather Archer Armor
32:04 Two-Man Saw
31:41 Bracer
32:11 Ring Archer Armor
32:45 Conscription
33:30 Cavalier
34:21 Bloodlines
35:10 Thumb Ring
38:10 Forging
38:06 Scale Barding Armor
38:04 Scale Mail Armor
39:10 Chemistry
39:09 Pikeman
39:32 Light Cavalry
40:51 Halberdier
41:34 Squires
46:09 Iron Casting
nameBURRITO
11:00 Feudal Age
11:49 Double-Bit Axe
11:46 Horse Collar
18:08 Castle Age
17:13 Bloodlines
18:03 Gold Mining
18:07 Stone Mining
25:11 Bow Saw
26:57 Gold Shaft Mining
26:46 Husbandry
27:22 Scale Barding Armor
27:50 Heavy Plow
30:46 Stone Shaft Mining
37:02 Imperial Age
34:45 Squires
34:06 Pikeman
38:25 Siege Engineers
38:41 Ballistics
43:18 Halberdier
xxyvonnederful
11:42 Feudal Age
11:02 Loom
16:42 Castle Age
15:28 Double-Bit Axe
16:42 Fletching
18:38 Horse Collar
21:19 Bow Saw
23:42 Heavy Plow
25:51 Forging
25:53 Bodkin Arrow
27:05 Pikeman
27:51 Squires
32:19 Imperial Age
30:25 Wheelbarrow
29:36 Town Watch
30:45 Gold Mining
30:51 Stone Mining
32:17 Scale Mail Armor
32:53 Iron Casting
32:29 Halberdier
33:51 Chain Mail Armor
34:03 Conscription
35:14 Bloodlines
36:48 Hand Cart
36:33 Town Patrol
41:52 Crenellations
41:53 Ironclad
44:14 Hoardings
47:21 Onager
jenksulivan
1:46 Loom
12:26 Feudal Age
16:58 Castle Age
15:46 Double-Bit Axe
16:26 Stone Mining
16:26 Gold Mining
17:22 Wheelbarrow
17:09 Bow Saw
23:59 Hand Cart
26:40 Two-Man Saw
31:12 Imperial Age
30:21 Horse Collar
31:18 Gold Shaft Mining
31:40 Husbandry
31:01 Cavalier
33:14 Chemistry
32:46 Paladin
36:23 Scale Barding Armor
36:29 Forging
36:20 Man-at-Arms
36:22 Pikeman
37:03 Squires
37:53 Halberdier
39:18 Iron Casting
39:03 Chain Barding Armor
40:51 Padded Archer Armor
41:52 Blast Furnace
43:20 Plate Barding Armor
42:36 Fletching
43:02 Leather Archer Armor
50:31 Scale Mail Armor
50:27 Bodkin Arrow
59:46 Chain Mail Armor
59:31 Bracer
thinker
1:01 Loom
6:59 Loom
12:43 Feudal Age
16:33 Castle Age
15:09 Horse Collar
15:17 Double-Bit Axe
18:18 Bow Saw
20:05 Stone Mining
21:41 Stone Shaft Mining
21:15 Heavy Plow
26:33 Wheelbarrow
25:56 Gold Mining
28:21 Gold Shaft Mining
29:23 Padded Archer Armor
29:14 Fletching
30:09 Hand Cart
32:44 Murder Holes
33:00 Pikeman
36:57 Scale Mail Armor
37:11 Forging
41:42 Iron Casting
41:22 Chain Mail Armor
43:37 Leather Archer Armor
43:17 Bodkin Arrow
43:23 Arson
44:41 Ballistics
50:12 Imperial Age
50:35 Halberdier
51:50 Ring Archer Armor
51:20 Bracer
52:23 Chemistry
52:25 Blast Furnace
50:57 Elite Ballista Elephant
51:58 Conscription
53:09 Double Crossbow
54:07 Heated Shot
54:28 Scale Barding Armor
57:17 Chain Barding Armor
沐潪
11:24 Feudal Age
15:42 Castle Age
16:29 Double-Bit Axe
19:32 Bow Saw
19:04 Horse Collar
20:57 Gold Mining
21:04 Stone Mining
23:30 Wheelbarrow
22:47 Loom
25:44 Hand Cart
31:36 Imperial Age
28:55 Town Watch
30:15 Husbandry
30:27 Forging
30:23 Scale Barding Armor
31:17 Bloodlines
31:23 Town Patrol
31:32 Squires
30:52 Pikeman
32:11 Iron Casting
31:50 Marauders
32:34 Gold Shaft Mining
33:34 Two-Man Saw
33:07 Caravan
33:47 Elite Tarkan
34:48 Conscription
35:34 Blast Furnace
34:55 Chain Barding Armor
34:47 Halberdier
35:58 Masonry
39:18 Arson
39:36 Scale Mail Armor
40:14 Plate Barding Armor
39:40 Scale Mail Armor
42:23 Chemistry
52:47 Elite Skirmisher
53:33 Thumb Ring
55:43 Padded Archer Armor
55:33 Fletching
55:59 Chain Mail Armor
56:08 Ballistics
55:43 Murder Holes
55:59 Clinker Construction
55:59 Careening
93arthas
6:40 Loom
12:25 Feudal Age
13:06 Double-Bit Axe
14:00 Horse Collar
19:17 Castle Age
22:12 Caravan
23:13 Gold Mining
23:36 Bow Saw
23:53 Crossbowman
24:59 Fletching
26:27 Padded Archer Armor
28:02 Wheelbarrow
29:25 Heavy Plow
30:05 Thumb Ring
30:47 Ballistics
30:24 Murder Holes
30:11 Treadmill Crane
32:40 Masonry
32:25 Town Watch
37:28 Imperial Age
38:31 Hand Cart
38:21 Onager
39:01 Arbalester
40:31 Fortified Wall
43:43 Chemistry
43:35 Leather Archer Armor
43:17 Bodkin Arrow
44:04 Pikeman
56:43 Town Patrol
57:48 Architecture
57:39 Bombard Tower
57:11 Guard Tower
59:32 Conscription
61:39 Two-Man Saw
61:15 Crop Rotation
61:19 Silk Road
Connection lost

Rejoining the realm…

Still unreachable

The connection could not be restored.

Session expired

The server has moved on; the page needs a fresh start.